 Dungeon Crawl Stone Soup version 0.30-a0-777-ga9a30cbeda (webtiles) character file.

Game seed: 12978301402424062458

115 Flugslaktarn the Ducker (level 5, -1/36 HPs)
             Began as an Octopode Fighter on Feb 13, 2023.
             Slain by Grinder (5 damage)
             ... on level 4 of the Dungeon.
             The game lasted 00:01:01 (2452 turns).

Flugslaktarn the Ducker (Octopode Fighter)          Turns: 2452, Time: 00:01:02

Health: -1/36      AC:  1    Str: 15    XL:     5   Next: 0%
Magic:  5/5        EV: 13    Int: 11    God:
Gold:   142        SH: 10    Dex: 13    Spells: 4/4 levels left

rFire   x . .      SeeInvis .    a - +0 war axe
rCold   + . .      Faith    .    b - +0 buckler
rNeg    + . .      Spirit   .    (helmet restricted)
rPois   .          Reflect  +    k - amulet of reflection
rElec   .          Harm     .    n - ring of ice
rCorr   .          Rampage  .    r - ring of positive energy
Will    .....                    (no ring)
Stlth   ++                       (no ring)
HPRegen 0.26/turn                (no ring)
MPRegen 0.09/turn                (no ring)
                                 (no ring)
                                 (no ring)

@: no status effects
A: almost no armour, amphibious, 8 rings, camouflage 1, gelatinous body 1,
(nimble swimmer 1), tentacles
a: no special abilities


You were on level 4 of the Dungeon.
You visited 1 branch of the dungeon, and saw 4 of its levels.

You collected 142 gold pieces.

Inventory:

Hand Weapons
 a - a +0 war axe (weapon)
Armour
 b - a +0 buckler (worn)
Jewellery
 k - an amulet of reflection (around mantle)
   (You found it on level 2 of the Dungeon)
 m - an amulet of faith
   (You found it on level 3 of the Dungeon)
 n - a ring of ice (left tentacle)
   (You found it on level 3 of the Dungeon)
 r - a ring of positive energy (right tentacle)
   (You found it on level 4 of the Dungeon)
Wands
 s - a wand of iceblast (14)
   (You found it on level 4 of the Dungeon)
Scrolls
 c - a scroll of brand weapon {unknown}
 e - a scroll of vulnerability {unknown}
 f - a scroll of magic mapping {unknown}
 h - 3 scrolls of identify {unknown}
 i - 3 scrolls of teleportation {unknown}
 j - 2 scrolls of enchant armour {unknown}
 l - 2 scrolls of poison {unknown}
 o - a scroll of silence {unknown}
 p - a scroll of fog {unknown}
Potions
 d - 3 potions of might
 g - 2 potions of berserk rage {unknown}
 q - a potion of attraction {unknown}


   Skills:
 + Level 3.6 Fighting
 * Level 3.4 Axes
 + Level 3.6 Dodging
 + Level 3.6 Shields


You had 4 spell levels left.
You didn't know any spells.
Your spell library was empty.

Dungeon Overview and Level Annotations

Branches:
Dungeon (4/15)
 Temple: D:4-7

Altars:

Annotations:
D:4 Grinder


Innate Abilities, Weirdness & Mutations

You cannot wear most types of armour.
You are amphibious.
You can wear up to eight rings at the same time.
Your skin changes colour to match your surroundings (Stealth+).
Your rubbery body absorbs attacks. (AC +1, EV +1)
((You are camouflaged when in or above water. (Stealth+)))
You have tentacles for arms and can constrict up to eight enemies at once.


Message History

A goblin comes into view. It is wielding a +0 club.
There is a stone staircase leading up, spattered with blood here.
The goblin hits you with a +0 club. x2
You climb upwards.
There is a stone staircase leading down here.
You hit the goblin.
You kill the goblin!
You barely miss the goblin. You block the goblin's attack. x2
You hit the goblin. Your grab misses the goblin.
The goblin is severely wounded.
You block the goblin's attack.
You closely miss the goblin. You grab the goblin. You squeeze the goblin.
You kill the goblin!
No target in view!
No target in view!
No target in view!
No target in view!
No target in view!
No target in view!
You see here a +0 club.
There is a stone staircase leading down here.
You start resting.
HP restored.
You climb downwards.
There is a stone staircase leading up, spattered with blood here.
You climb upwards.
There is a stone staircase leading down here.
You see here a hobgoblin corpse.
There is a stone staircase leading down here.
You climb downwards.
Found a lumpy cyan potion and a dagger.
There is a stone staircase leading up here.
A goblin is nearby!
A goblin is nearby!
A goblin is nearby!
Found a stone staircase leading down.
The helpless goblin fails to defend itself.
You hit the goblin.
You kill the goblin!
No target in view!
No target in view!
No target in view!
No target in view!
No target in view!
Okay, then.
You feel more attuned to ice.
n - a ring of ice (left tentacle) Unknown command.
Found 6 stones.
q - a lumpy cyan potion
r - a ring of positive energy You now have 122 gold pieces (gained 10).
s - a wand of iceblast (14)
A goblin comes into view. It is wielding a +0 club.
r - a ring of positive energy (right tentacle)
A goblin is nearby!
A goblin is nearby!
The goblin misses you.
You slash the goblin!
You kill the goblin!
You have reached level 5!
You feel clever.
Things that are here:
a +0 club; a goblin corpse
Found a short sword.
You now have 131 gold pieces (gained 9).
You now have 142 gold pieces (gained 11).
Found a stone staircase leading down.
Grinder comes into view.
Found 4 stones.
Grinder shouts!
Grinder is nearby!
Grinder gestures at you. You resist with significant effort.
Grinder says, "What is the universe for?"
Grinder barely misses you.
You slash Grinder! You grab Grinder. You squeeze Grinder!
Grinder is heavily wounded.
You constrict Grinder. Grinder gestures at you.
You suddenly lose the ability to move!
You lose your grip on Grinder.
Grinder blinks!
Grinder gestures at you. Pain shoots through your body!
You can move again.
You hit Grinder but do no damage. Your grab misses Grinder.
Your squeeze misses Grinder.
Grinder is heavily wounded.
Grinder hits you!
You writhe in agony.
You slash Grinder! You grab Grinder.
Grinder is severely wounded.
You constrict Grinder. Grinder hits you.
You writhe in agony.
You hit Grinder but do no damage.
Grinder is severely wounded.
You constrict Grinder. Grinder hits you!
* * * LOW HITPOINT WARNING * * *
You writhe in agony.
* * * LOW HITPOINT WARNING * * *
Grinder hits you.
You die...

#.###..# #.# #.....# #
#.# #..# #.# #.###.# #
######.###.##
#.#####)# #.## #
#.........## #.......#
#..# ###.####..###
######### ##.#
..........############
#.#
###.#.........##..(..#
#.#
.......#..###.##5....#
###.### .......#..#
#...@..>.# #.....#
..........# ####.....#
#.#.#.# ###.#.##..##
#.....# #...#.#
...........# #######
#..##.# .#########.#
#.....# ## #.#######
##.#### # ###.#.....#
#.# # #......##.#
#######.# #.#.#..##.#
#.......#


You could see Grinder.

Vanquished Creatures
  Robin (D:3)
  3 adders
  2 worms
  2 dart slugs
  7 endoplasms
  2 giant cockroaches
  16 goblins
  5 hobgoblins
  6 jackals
  A quokka (D:2)
  3 bats
  2 frilled lizards
  7 kobolds
  3 rats
60 creatures vanquished.

Notes
Turn   | Place    | Note
-------+----------+-------------------------------------------
     0 | D:1      | Flugslaktarn the Octopode Fighter began the quest for the
                  | Orb.
     0 | D:1      | Reached XP level 1. HP: 16/16 MP: 1/1
    77 | D:1      | Reached XP level 2. HP: 15/21 MP: 2/2
   773 | D:2      | Reached XP level 3. HP: 26/26 MP: 3/3
  1089 | D:2      | Reached XP level 4. HP: 23/31 MP: 4/4
  2159 | D:4      | Noticed Robin
  2171 | D:3      | Killed Robin
  2202 | D:4      | Noticed an ice beast
  2374 | D:4      | Reached XP level 5. HP: 36/36 MP: 5/5
  2443 | D:4      | Noticed Grinder
  2447 | D:4      | Paralysed by Grinder for 3 turns
  2452 | D:4      | Slain by Grinder

Illustrated notes

Levels and vault maps discovered:
D:1:      lightli_arrival_maybe_door_vault, layout_basic, serial_forest,
          infiniplex_forest_clump_long, infiniplex_forest_lined_2,
          infiniplex_forest_join, infiniplex_forest_straight_2,
          infiniplex_forest_straight_3, serial_park_tiny_2
D:2:      layout_basic, chequers_serial_rivers_micro_a
D:3:      layout_basic, serial_curves, eino_curves_02, eino_curves_02,
          nicolae_elevator_lobby_asterisk
D:4:      layout_loops_cross, minmay_temple_entry_proselytizer, uniq_natasha,
          uniq_grinder, uniq_robin

Skill      XL: |  1  2  3 |
---------------+----------+-----
Axes           | 3 |  3.4
Fighting       | |  3.6
Dodging        | |  3.6
Shields        | |  3.6

Action                     |  1- 3 |  4- 6 || total
---------------------------+-------+-------++-------
  Melee: War axe           |    46 |    50 ||    96
         Constrict         |    13 |    15 ||    28
         Tentacles         |     5 |     9 ||    14
         Punch             |       |     1 ||     1
   Stab: Sleeping          |     5 |     6 ||    11
 Armour: Skin              |     3 |     4 ||     7
  Dodge: Dodged            |    24 |    33 ||    57
  Block: Buckler           |     9 |    16 ||    25
         Reflection        |       |     1 ||     1

Table legend: (Time is in decaauts)
 A = Elapsed time spent in this place.
 B = Non-inter-level travel time spent in this place.
 C = Inter-level travel time spent in this place.
 D = Time resting spent in this place.
 E = Time spent auto-exploring this place.
 F = Levels seen in this place.
 G = Mean time per level.
                   A        B        C        D        E       F      G
               +--------+--------+--------+--------+--------+-----+--------+
         Total |   2491 |   2410 |     81 |    150 |   1878 |   4 |  622.8 |
       Dungeon |   2491 |   2410 |     81 |    150 |   1878 |   4 |  622.8 |
               +--------+--------+--------+--------+--------+-----+--------+

Top non-repeatable levels by time:
     D:1: 780 daAuts
     D:3: 777 daAuts
     D:2: 759 daAuts
     D:4: 174 daAuts
